 Dungeon Crawl Stone Soup version 0.31.0-32-g396128a36d (webtiles) character file.

Game seed: 14775669450721375332

88 xelsha the Digger (level 4, 0/20 HPs)
             Began as a Gargoyle Earth Elementalist on Apr 10, 2024.
             Slain by an orc wizard
             ... wielding a +2 dagger of flaming
              (1 damage)
             ... on level 3 of the Dungeon.
             The game lasted 00:04:34 (2063 turns).

xelsha the Digger (Gargoyle Earth Elementalist)     Turns: 2063, Time: 00:04:35

Health: 0/20       AC:  8    Str: 12    XL:     4   Next: 54%
Magic:  3/7        EV: 10    Int: 17    God:
Gold:   165        SH:  0    Dex: 10    Spells: 6/7 levels left

rFire   . . .        o - +0 war axe
rCold   . . .        (no shield)
rNeg    + . .        h - +0 ring mail
rPois   ∞            (no helmet)
rElec   +            (no cloak)
rCorr   .            (no gloves)
SInv    .            (no boots)
Will    .....        (no amulet)
Stlth   +            (no ring)
HPRegen 0.23/turn    (no ring)
MPRegen 0.10/turn

%: no passive effects
@: no status effects
A: sickness immunity, AC +3, negative energy resistance 1, electricity
resistance, torment resistance 1, petrification resistance, frail 2
a: no special abilities


You were on level 3 of the Dungeon.
You visited 1 branch of the dungeon, and saw 3 of its levels.

You collected 165 gold pieces.

Inventory:

Hand Weapons
 d - a +0 hand axe
 i - a +0 sling
 o - a +0 war axe (weapon)
Missiles
 e - 4 boomerangs
Armour
 a - a +0 robe
 h - a +0 ring mail (worn)
Jewellery
 m - a ring of resist corrosion
Wands
 n - a wand of acid (6)
Scrolls
 c - a scroll of blinking {unknown}
 j - a scroll of noise {unknown}
 k - 3 scrolls of identify {unknown}
 p - a scroll of immolation {unknown}
Potions
 b - a potion of magic
 g - a potion of attraction {unknown}
 l - a potion of lignification {unknown}


   Skills:
 + Level 1.4 Fighting
 + Level 1.7 Armour
 + Level 2.0 Dodging
 + Level 2.8 Stealth
 + Level 2.3 Spellcasting
 + Level 1.8 Conjurations
 + Level 4.1 Earth Magic


You had 6 spell levels left.
You knew the following spells:

 Your Spells              Type           Power      Damage    Failure   Level
a - Sandblast             Erth           32%        2d9       8%          1

Your spell library contained the following spells:

 Spells                   Type           Power      Damage    Failure   Level
 Passwall                 Erth           16%        N/A       22%         3
 Stone Arrow              Conj/Erth      24%        3d8       36%         3
 Brom's Barrelling Bould  Conj/Erth      12%        2d4       77%         4
 Petrify                  Alch/Erth      8%         N/A       87%         4


Dungeon Overview and Level Annotations

Branches:
Dungeon (3/15)

Altars:

Shops:
D:2 !


Innate Abilities, Weirdness & Mutations

You are immune to sickness and miasma.
Your stone body is resilient. (AC +3)
You are immune to poison.
You resist negative energy. (rN+)
You are resistant to electric shocks. (rElec)
You are resistant to unholy torment.
You are immune to petrification.
You are very frail. (-20% HP)


Message History

The orc wizard casts a spell.
The orc wizard flickers and vanishes!
Deactivating autopickup; reactivate with Ctrl-A.
The orc hits you but does no damage.
You hit the orc.
You kill the orc!
Something hits you but does no damage.
Things that are here:
a +0 falchion; a +0 hand axe; an orc corpse You closely miss something.
Something hits you but does no damage. Something hits you. Something burns you.
You barely miss something. Something hits you but does no damage.
You barely miss something. Something hits you. Something burns you.
You hear some strange, mumbled words.
A puff of flame appears from out of thin air!
The puff of flame hits you!
You hit something.
You hear some strange, mumbled words.
A puff of flame appears from out of thin air!
The puff of flame hits you.
You closely miss something. Your punch misses something.
Something hits you but does no damage.
You hear some strange, mumbled words.
A magic dart appears from out of thin air!
The magic dart hits you.
* * * LOW HITPOINT WARNING * * *
Sorry, you're not good enough to have a special ability.
Casting: Sandblast (safe; 8% risk of failure)
Confirm with . or Enter, or press ? or * to list all spells.
Aiming: Sandblast (safe; 8% risk of failure)
Press: ? - help, Shift-Dir - straight line, f - orc
Aim: an orc, wielding a +0 hand axe (82% to hit)
The blast of sand hits something.
Something hits you.
* * * LOW HITPOINT WARNING * * *
Something burns you.
* * * LOW HITPOINT WARNING * * *
It was a potion of mutation.
You feel extremely strange.
You feel frail. x2
Something hits you.
You die...

##'##..# # #...#..#
#888#..#
#######.#######
#.............#
###....##..!.##
#.#..##.####
###....##.#########
.....?....oo{@.....#
####...)##o#######.#
#.#$###.# #.#. #.#
#..o <.# ##o ###


oo You could see 3 orcs.

Vanquished Creatures
  2 adders (D:2)
  2 dart slugs
  5 orcs (D:3)
  3 ball pythons
  5 bats
  2 endoplasms
  2 giant cockroaches
  5 goblins
  4 hobgoblins
  8 jackals
  4 quokkas
  2 frilled lizards
  6 kobolds
  3 rats
53 creatures vanquished.

Notes
Turn   | Place    | Note
-------+----------+-------------------------------------------
     0 | D:1      | xelsha the Gargoyle Earth Elementalist began the quest for
                  | the Orb.
     0 | D:1      | Reached XP level 1. HP: 10/10 MP: 3/3
    94 | D:1      | Reached XP level 2. HP: 11/16 MP: 0/5
   277 | D:1      | You fall into a shaft and drop 1 floor!
   329 | D:2      | Found Tiozxa's Distillery.
   450 | D:1      | Reached skill level 1 in Armour
   555 | D:1      | Reached XP level 3. HP: 20/20 MP: 3/6
  1013 | D:2      | Reached skill level 4 in Earth Magic
  1014 | D:2      | Identified the orb of the Morning Star {mayhem, rF+ Dex+3}
  1330 | D:2      | Reached skill level 1 in Fighting
  1513 | D:2      | Reached XP level 4. HP: 25/25 MP: 7/7
  2062 | D:3      | HP: 1/25 [something (1)]
  2063 | D:3      | Gained mutation: You are frail. (-10% HP) [potion of
                  | mutation]
  2063 | D:3      | Gained mutation: You are very frail. (-20% HP) [potion of
                  | mutation]
  2063 | D:3      | Slain by an orc wizard

Illustrated notes

Levels and vault maps discovered:
D:1:      ncdulo_lavacross, layout_loops_ring, minmay_stone_trees_small,
          minmay_heptomino_o4
D:2:      layout_rooms, serial_shops, shop
D:3:      minmay_chambers_of_twos, layout_loops_corners, lemuel_crystal_altar,
          shapermc_ecumenical_altar_mp_vishouse

Skill      XL: |  1  2  3  4 |
---------------+-------------+-----
Armour         | 1 |  1.7
Earth Magic    | 4 |  4.1
Fighting       | 1 |  1.4
Dodging        | 2 |  2.0
Stealth        | |  2.8
Spellcasting   | |  2.3
Conjurations   | |  1.8

Action                     |  1- 3 |  4- 6 || total
---------------------------+-------+-------++-------
  Melee: Unarmed           |    53 |       ||    53
         Hand axe          |    44 |       ||    44
         War axe           |       |    22 ||    22
   Fire: Sling             |       |     7 ||     7
   Cast: Sandblast         |    50 |     7 ||    57
    Use: Potion            |       |     1 ||     1
   Stab: Sleeping          |     1 |       ||     1
 Armour: Robe              |    73 |       ||    73
         Ring mail         |    58 |    30 ||    88
  Dodge: Dodged            |   133 |    11 ||   144
